 Dungeon Crawl Stone Soup version 0.29-a0-613-gf2c431b9b9 (webtiles) character file.

Game seed: 788284297411193234

31 moldycheese5 the Skirmisher (level 3, -1/43 HPs)
             Began as a Demonspawn Berserker on June 16, 2022.
             Was a Follower of Trog.
             Slain by a jackal (2 damage)
             ... on level 2 of the Dungeon.
             The game lasted 00:01:58 (1322 turns).

moldycheese5 the Skirmisher (Demonspawn Berserker)  Turns: 1322, Time: 00:01:59

Health: -1/43      AC:  5    Str: 19    XL:     3   Next: 7%
Magic:  3/3        EV: 11    Int: 12    God:    Trog [*.....]
Gold:   87         SH:  0    Dex: 12    Spells: 2/2 levels left

rFire   . . .      SeeInvis .   a - +0 spear
rCold   . . .      Faith    .   (no shield)
rNeg    . . .      Spirit   .   c - +0 ring mail
rPois   .          Reflect  .   (no helmet)
rElec   .          Harm     .   (no cloak)
rCorr   .          Rampage  .   (no gloves)
Will    .....                   (no boots)
Stlth   ..........              (no amulet)
HPRegen 0.14/turn               (no ring)
MPRegen 0.08/turn               (no ring)

@: berserking, slow
A: big brain 2
a: Renounce Religion, Berserk


You were on level 2 of the Dungeon.
You worshipped Trog.
Trog was aware of your devotion.
You visited 1 branch of the dungeon, and saw 2 of its levels.

You collected 87 gold pieces.

Inventory:

Hand Weapons
 a - a +0 spear (weapon)
Armour
 b - a +0 animal skin
 c - a +0 ring mail (worn)
Scrolls
 e - a scroll of vulnerability {unknown}
 f - 2 scrolls of enchant armour {unknown}
 h - a scroll of poison {unknown}
 i - a scroll of identify {unknown}
 j - a scroll of blinking {unknown}
 m - a scroll of fear {unknown}
Potions
 d - a potion of might {unknown}
 g - a potion of attraction {unknown}
 k - 2 potions of brilliance {unknown}
 l - a potion of curing {unknown}


   Skills:
 + Level 3.4 Fighting
 + Level 3.3 Polearms
 + Level 2.0 Armour
 + Level 1.9 Dodging


You had 2 spell levels left.
You didn't know any spells.
Your spell library was empty.

Dungeon Overview and Level Annotations

Branches:
Dungeon (2/15)

Altars:
Ru


Innate Abilities, Weirdness & Mutations

You have an extremely huge brain. (Int +4)


Message History

The jackal splashes around in the water.
You are too injured to fight recklessly!
You are too injured to fight recklessly!
You are too injured to fight recklessly!
You are too injured to fight recklessly!
You are too injured to fight recklessly!
You are too injured to fight recklessly!
You are too injured to fight recklessly!
A red film seems to cover your vision as you go berserk!
You feel yourself moving faster!
You feel mighty!
The goblin shouts!
You hear a shout!
The jackal splashes around in the water.
The jackal closely misses you.
The jackal bites you but does no damage.
The jackal misses you. The gnoll hits you with a +0 flail.
* * * LOW HITPOINT WARNING * * *
The jackal misses you.
Your unstable footing causes you to fumble your attack.
The jackal closely misses you. The jackal misses you.
The jackal closely misses you. The gnoll barely misses you.
The jackal bites you but does no damage.
Your unstable footing causes you to fumble your attack.
The jackal barely misses you. The jackal completely misses you.
The jackal bites you but does no damage.
Your unstable footing causes you to fumble your attack.
The jackal splashes around in the water.
The jackal bites you but does no damage. x2
The gnoll hits you with a +0 flail.
* * * LOW HITPOINT WARNING * * *
The jackal closely misses you.
You barely miss the gnoll.
The gnoll is almost dead.
The jackal splashes around in the water.
The jackal closely misses you. x2; The jackal barely misses you.
The gnoll hits you with a +0 flail!
* * * LOW HITPOINT WARNING * * *
You barely miss the gnoll.
The gnoll is almost dead.
The jackal bites you.
You die...

. #.## #. ## ..### ##..
.# #...####....
.############.........#.
...)......†........g....
############.≈≈^..≈$≈.#.
#......hhg..≈.≈.
≈≈≈≈≈.≈≈≈h@h≈≈≈≈≈≈ ####
##≈≈≈≈≈≈≈≈.≈≈≈≈≈≈≈
...######..≈.....≈.....≈
...........≈....≈...≈≈≈#
...#########≈...≈≈....##
...# #######.....# ...#
...#.# ...# ...#.# #####
####


You could see a gnoll, 4 jackals and a goblin.

Vanquished Creatures
  5 dart slugs (D:1)
  An orc (D:2)
  3 ball pythons (D:1)
  A giant cockroach (D:1)
  2 goblins (D:2)
  A hobgoblin (D:1)
  A bat (D:2)
  A frilled lizard (D:1)
  2 kobolds
  4 rats
21 creatures vanquished.

Notes
Turn   | Place    | Note
-------+----------+-------------------------------------------
     0 | D:1      | moldycheese5 the Demonspawn Berserker began the quest for
                  | the Orb.
     0 | D:1      | Reached XP level 1. HP: 18/18 MP: 1/1
     0 | D:1      | Found a faded altar of an unknown god.
   348 | D:1      | Gained mutation: You have an unusually large brain. (Int
                  | +2) [demonic ancestry]
   348 | D:1      | Reached XP level 2. HP: 21/24 MP: 2/2
   965 | D:1      | Found a sacrificial altar of Ru.
  1208 | D:2      | Gained mutation: You have an extremely huge brain. (Int +4)
                  | [demonic ancestry]
  1208 | D:2      | Reached XP level 3. HP: 29/29 MP: 3/3
  1321 | D:2      | HP: 1/43 [gnoll/+0 flail (7)]
  1322 | D:2      | Slain by a jackal

Illustrated notes

Levels and vault maps discovered:
D:1:      dpeg_arrival_water_altar, layout_loops_corners,
          ebering_ecumenical_altar_sacrificial, grunt_decor_fettered
D:2:      layout_basic, serial_rivers, chequers_serial_rivers_marsh,
          chequers_serial_rivers_micro_c, chequers_serial_rivers_small_3,
          chequers_serial_rivers_large_a, chequers_serial_rivers_micro_d,
          minmay_misc_feat_iff, lemuel_old_faithful

Skill      XL: |  1  2 |
---------------+-------+-----
Polearms       | 3 |  3.3
Armour         | 2 |  2.0
Fighting       | |  3.4
Dodging        | |  1.9

Action                   || total
-------------------------++-------
Melee: Spear             ||    75
       Punch             ||     1
Invok: Berserk           ||     1
Armor: Ring mail         ||    25
Dodge: Dodged            ||    38

Table legend: (Time is in decaauts)
 A = Elapsed time spent in this place.
 B = Non-inter-level travel time spent in this place.
 C = Inter-level travel time spent in this place.
 D = Time resting spent in this place.
 E = Time spent auto-exploring this place.
 F = Levels seen in this place.
 G = Mean time per level.
                   A        B        C        D        E       F      G
               +--------+--------+--------+--------+--------+-----+--------+
         Total |   1321 |   1171 |    150 |      0 |   1015 |   2 |  660.5 |
       Dungeon |   1321 |   1171 |    150 |      0 |   1015 |   2 |  660.5 |
               +--------+--------+--------+--------+--------+-----+--------+

Top non-repeatable levels by time:
     D:1: 1038 daAuts
     D:2: 282 daAuts
